 Dungeon Crawl Stone Soup version 0.30.1-3-gfc49f6343a (webtiles) character file.

Game seed: 3670427371839157429

25 CaptainMV the Magician (level 2, -3/19 HPs)
             Began as a Demonspawn Wanderer on July 26, 2023.
             Slain by Terence
             ... wielding a +0 mace
              (4 damage)
             ... on level 2 of the Dungeon.
             The game lasted 00:06:22 (453 turns).

CaptainMV the Magician (Demonspawn Wanderer)         Turns: 453, Time: 00:06:22

Health: -3/19      AC:  2    Str: 16    XL:     2   Next: 86%
Magic:  4/5        EV: 12    Int: 16    God:
Gold:   41         SH:  0    Dex: 11    Spells: 4/5 levels left

rFire   . . .        a - +2 short sword
rCold   . . .        (no shield)
rNeg    . . .        d - +0 robe
rPois   .            (helmet restricted)
rElec   .            (no cloak)
rCorr   .            (no gloves)
SInv    .            (no boots)
Will    .....        (no amulet)
Stlth   ++           i - +6 ring of strength
HPRegen 0.23/turn    (no ring)
MPRegen 0.09/turn

%: no passive effects
@: mighty
A: horns 1
a: no special abilities


You were on level 2 of the Dungeon.
You visited 1 branch of the dungeon, and saw 2 of its levels.

You collected 41 gold pieces.

Inventory:

Hand Weapons
 a - a +2 short sword (weapon)
 b - a +0 sling
Missiles
 h - 7 javelins (quivered)
 l - 4 boomerangs
Armour
 d - a +0 robe (worn)
Jewellery
 i - a +6 ring of strength (left hand)
 m - a ring of protection from cold
Wands
 e - a wand of flame (7)
Scrolls
 c - a scroll of blinking
 f - a scroll of fear {unknown}
 j - a scroll of identify {unknown}
Potions
 k - a potion of curing {unknown}


   Skills:
 + Level 0.1 Fighting
 + Level 2.2 Short Blades
 + Level 1.9 Dodging
 + Level 1.8 Stealth
 + Level 2.3 Spellcasting
 + Level 0.5 Conjurations
 + Level 1.5 Fire Magic
 + Level 1.0 Evocations


You had 4 spell levels left.
You knew the following spells:

 Your Spells              Type           Power      Damage    Failure   Level
a - Foxfire               Conj/Fire      20%        2x1d5     14%         1

Your spell library contained the following spells:

 Spells                   Type           Power      Damage    Failure   Level
 Cigotuvi's Dreadful Rot  Necr/Pois/Air  2%         N/A       30%         2
 Volatile Blastmotes      Fire/Tloc      8%         2d10      41%         3
 Ignite Poison            Fire/Tmut/Pois 3%         N/A       45%         3
 Ozocubu's Armour         Ice            1%         N/A       52%         3
 Freezing Cloud           Conj/Ice/Air   1%         6-21      99%         5
 Ozocubu's Refrigeration  Ice            0%         4d7       100%        7


Dungeon Overview and Level Annotations

Branches:
Dungeon (2/15)

Altars:

Annotations:
D:2 Terence


Innate Abilities, Weirdness & Mutations

You have a pair of small horns on your head.


Message History

You conjure some foxfire!
The foxfire hits the kobold.
You kill the kobold!
Your foxfire dissipates!
A kobold comes into view. It is wielding a +0 short sword.
You puncture the kobold!
You kill the kobold!
Found a Trismegistus Codex.
You pick up a Trismegistus Codex and begin reading...
You add the spells Cigotuvi's Dreadful Rot, Ignite Poison and Freezing Cloud to your library.
Found a robe.
Found a glowing spear.
You see here a +0 spear of pain.
Found an opal ring.
m - a ring of protection from cold A frilled lizard comes into view.
Terence the Incautious comes into view.
He is wielding a +0 mace.
Found a scroll labelled LEKHLE PUEDGHE.
Terence shouts!
The frilled lizard hisses angrily.
You hit the frilled lizard.
The frilled lizard is heavily wounded.
The frilled lizard bites you.
You closely miss the frilled lizard.
The frilled lizard is heavily wounded.
The frilled lizard bites you.
You miss the frilled lizard. You headbutt the frilled lizard.
You kill the frilled lizard!
Terence hits you with a +0 mace.
Casting: Foxfire (safe; 14% risk of failure)
Confirm with . or Enter, or press ? or * to list all spells.
You conjure some foxfire!
Terence barely misses you.
You barely miss Terence.
The foxfire hits Terence but does no damage. x2
Terence says, "Time to say good-bye..."
Terence hits you with a +0 mace!
Ouch! That really hurt!
* * * LOW HITPOINT WARNING * * *
It was a potion of might.
You feel very mighty all of a sudden. Terence hits you with a +0 mace.
You die...

#.###..)#..#..#..8..#..#
##...###..)##.##....##)##
#..#...###.#...#.#..#..#
##.####...#####...####.##
#..#).#.#.†.#.###...#..#
##.##....##.##...###...##
#..#..8..#..#..#...###.#
##.##....##.##.####...#.#
....###..#..#...@†# #...#
###...####.##.##.@..##.##
###...#..#..#.?8..#..#
###...##.##....##.##
###.....###..#..#
#####...####.##
###...#..# ###...## ###.#


You could see Terence.

Vanquished Creatures
  A worm (D:2)
  4 endoplasms
  A giant cockroach (D:1)
  3 goblins
  2 hobgoblins (D:1)
  4 bats
  2 frilled lizards
  4 kobolds
  2 rats
23 creatures vanquished.

Vanquished Creatures (others)
  37 foxfires
37 creatures vanquished.

Grand Total: 60 creatures vanquished

Notes
Turn   | Place    | Note
-------+----------+-------------------------------------------
     0 | D:1      | CaptainMV the Demonspawn Wanderer began the quest for the
                  | Orb.
     0 | D:1      | CaptainMV set off with the following items: a +2 short
                  | sword, a wand of flame (7), a scroll of blinking, a +0
                  | robe; and the following spell memorised: Foxfire; and the
                  | following spells available to memorise: Volatile
                  | Blastmotes.
     0 | D:1      | Reached XP level 1. HP: 13/13 MP: 3/3
   108 | D:1      | Discovered your monstrous ancestry.
   108 | D:1      | Gained mutation: You have a pair of small horns on your
                  | head. [demonic ancestry]
   108 | D:1      | Reached XP level 2. HP: 19/19 MP: 5/5
   446 | D:2      | Noticed Terence
   453 | D:2      | Slain by Terence

Illustrated notes

Levels and vault maps discovered:
D:1:      dpeg_arrival_boxorama, layout_rooms, supply_closet_lemuel
D:2:      minmay_skewed_foursquare, layout_loops_ring, basic_altar,
          uniq_terence, uniq_jessica

Skill      XL: |  1 |
---------------+----+-----
Short Blades   | 2 |  2.2
Fighting       | |  0.1
Dodging        | |  1.9
Stealth        | |  1.8
Spellcasting   | |  2.3
Conjurations   | |  0.5
Fire Magic     | |  1.5
Evocations     | |  1.0

Action                     || total
---------------------------++-------
  Melee: Short sword       ||    31
         Headbutt          ||     2
   Fire: Sling             ||     7
   Cast: Foxfire           ||    22
    Use: Scroll            ||     2
         Potion            ||     1
   Stab: Sleeping          ||     5
 Armour: Robe              ||     7
  Dodge: Dodged            ||    25
